Map: Ulrena

Players

Jhyrachy

  • Race: Zerg Zerg
  • League: Gold

ClonClown - Winner!

  • Race: Protoss Protoss
  • League: Gold

VOD

Have the link to the VOD?

Description

Time

  • Played on: April 8, 2016, 3:13 p.m.
  • Length: 11:53
Show
View Real Time Build Order
Export as new Build Order

Jhyrachy Zerg 

Build Orders: Hatch First 

Get SALT Encoding   

  12  0:01  Drone  
  13  0:11  Drone  
  14  0:22  Overlord  
  14  0:41  Drone x3  
  17  1:06  Hatchery  
  17  1:07  Extractor, Drone  
  16  1:23  Spawning Pool  
  16  1:24  Drone x2  
  17  1:52  Drone x3  
  20  2:09  Overlord  
  20  2:16  Queen  
  20  2:22  Queen  
  24  2:24  Zergling x4  
  26  2:52  Metabolic Boost  
  26  3:04  Spine Crawler  
  25  3:07  Drone  
  25  3:08  Drone x5  
  30  3:31  Spine Crawler  
  30  3:32  Zergling x2  
  30  3:33  Zergling x10  
  32  3:40  Spine Crawler  
  28  3:46  Queen  
  29  4:11  Drone  
  29  4:12  Drone x2  
  31  4:36  Zergling x2  
  31  4:37  Zergling x8  
  33  4:47  Overlord x2  
  32  4:57  Drone  
  32  4:58  Drone x3  
  36  5:06  Lair  
  31  5:22  Zergling x2  
  31  5:23  Zergling x12  
  38  5:29  Drone, Extractor  
  38  5:39  Queen  
  40  5:53  Drone x4, Extractor  
  40  5:54  Drone x4  
  40  5:56  Zergling x2  
  48  6:13  Drone x2  
  48  6:15  Queen  
  52  6:30  Overlord x3  
  52  6:50  Drone x3  
  52  6:51  Zergling x2  
  52  6:52  Zergling x6  
  59  7:07  Spire  
  58  7:13  Extractor  
  57  7:19  Zergling x2  
  57  7:20  Zergling x14  
  57  7:21  Queen  
  67  7:54  Spore Crawler  
  59  8:03  Drone x2  
  61  8:06  Queen  
  63  8:25  Hatchery  
  62  8:35  Mutalisk x7  
  62  8:37  Overlord  
  62  8:38  Overlord  
  76  8:57  Mutalisk  
  76  8:58  Mutalisk x5  
  80  10:51  Hydralisk Den  
  79  11:01  Zergling x2  
  79  11:02  Zergling x36  
  79  11:03  Overlord  
  79  11:04  Overlord x3  
Show
View Real Time Build Order
Export as new Build Order

ClonClown Protoss - Winner!

Build Orders:  

Get SALT Encoding   

  12  0:01  Probe (Chrono Boost)  
  13  0:11  Probe (Chrono Boost)  
  14  0:19  Pylon  
  14  0:22  Probe (Chrono Boost)  
  15  0:38  Probe (Chrono Boost)  
  15  0:41  Gateway  
  16  0:47  Assimilator  
  16  0:48  Probe (Chrono Boost)  
  17  1:01  Gateway  
  17  1:03  Probe (Chrono Boost)  
  18  1:13  Probe (Chrono Boost)  
  19  1:19  Pylon  
  19  1:24  Probe (Chrono Boost)  
  20  1:34  Probe (Chrono Boost)  
  20  1:39  Cybernetics Core  
  21  1:42  Zealot  
  23  1:49  Zealot  
  25  1:59  Gateway  
  25  2:10  Probe (Chrono Boost)  
  26  2:16  Adept  
  26  2:17  Adept  
  26  2:18  Warp Gate (Chrono Boost)  
  26  2:22  Assimilator  
  30  2:29  Pylon  
  30  2:31  Probe  
  30  3:04  Nexus, Mothership Core  
  32  3:46  Probe, Gateway  
  32  3:48  Forge, Adept x2  
  37  3:49  Adept  
  31  4:07  Pylon  
  31  4:16  Pylon  
  28  4:31  Probe (Chrono Boost)  
  28  4:32  Probe (Chrono Boost)  
  28  4:38  Protoss Ground Weapons Level 1  
  30  4:43  Probe (Chrono Boost)  
  31  4:45  Stalker x2  
  31  4:46  Stalker  
  37  4:54  Probe x2 (Chrono Boost)  
  39  5:02  Stalker  
  39  5:04  Probe (Chrono Boost)  
  42  5:08  Probe (Chrono Boost)  
  41  5:15  Probe (Chrono Boost)  
  41  5:19  Zealot x2  
  42  5:21  Sentry  
  42  5:26  Stalker  
  46  5:34  Stargate  
  46  5:40  Adept  
  46  5:42  Adept  
  50  5:46  Adept  
  50  5:49  Probe (Chrono Boost)  
  53  6:00  Probe x2 (Chrono Boost)  
  53  6:03  Pylon  
  55  6:05  Assimilator  
  55  6:10  Probe x2 (Chrono Boost)  
  57  6:21  Probe x2 (Chrono Boost)  
  59  6:28  Stalker x3  
  59  6:32  Probe x2 (Chrono Boost)  
  67  6:35  Assimilator  
  67  6:44  Photon Cannon  
  67  6:48  Oracle  
  67  6:50  Photon Cannon  
  70  6:57  Robotics Facility  
  70  7:08  Pylon  
  70  7:27  Probe x2 (Chrono Boost)  
  72  7:37  Probe x2 (Chrono Boost)  
  74  7:57  Stalker x2  
  78  8:03  Pylon  
  78  8:04  Pylon  
  75  8:12  Pylon  
  75  8:21  Nexus, Immortal  
  75  8:22  Pylon  
  75  8:25  Pylon  
  75  8:26  Stalker x4  
  87  8:28  Pylon  
  87  8:36  Robotics Facility  
  87  8:40  Robotics Bay  
  87  8:51  Photon Cannon  
  87  8:55  Assimilator  
  87  8:56  Assimilator  
  87  9:08  Immortal  
  91  9:20  Photon Cannon  
  91  9:21  Gateway  
  91  9:30  Stalker x2  
  95  9:51  Pylon  
  95  9:54  Pylon  
  95  10:01  Stalker  
  95  10:02  Stalker  
  99  10:10  Immortal x2  
  107  10:14  Pylon  
  107  10:16  Photon Cannon  
  107  10:19  Probe (Chrono Boost)  
  107  10:20  Probe x2 (Chrono Boost)  
  110  10:33  Stalker  
  110  10:34  Stalker  
  114  10:36  Stalker  
  116  10:48  Pylon  
  116  10:51  Photon Cannon  
  116  11:06  Probe x3 (Chrono Boost)  
  119  11:11  Stalker x4  
  119  11:16  Probe (Chrono Boost)  
  128  11:22  Observer  
  128  11:25  Probe x2 (Chrono Boost)  
  133  11:41  Stalker x2  
Tags
 
Add a new tag
Caveats
  • Supply blocks, unpowered buildings, or Contaminate may cause inaccurate times.
  • Supply counts are checked every 10 seconds.